 Dungeon Crawl Stone Soup version 0.28-a0-1524-ge72afd5fc6 (webtiles) character file.

Game seed: 10695740193471299197

593 fragbeetle the Insei (level 7, 57/57 HPs)
             Began as a Yellow Draconian Transmuter on Jan 17, 2022.
             Quit the game on level 4 of the Dungeon.
             The game lasted 00:06:47 (3839 turns).

fragbeetle the Insei (Yellow Draconian Transmuter)  Turns: 3839, Time: 00:06:47

Health: 57/57      AC:  6    Str: 13    XL:     7   Next: 16%
Magic:  9/10       EV: 12    Int: 13    God:
Gold:   150        SH:  0    Dex: 13    Spells: 2/10 levels left

rFire   . . .      SeeInvis .     - Unarmed
rCold   . . .      Faith    .   (no shield)
rNeg    . . .      Spirit   .   (armour unavailable)
rPois   .          Reflect  .   (helmet currently unavailable)
rElec   .          Harm     .   (no cloak)
rCorr   +          Rampage  .   (no gloves)
Will    .....                   (boots currently unavailable)
Stlth   +.........              (no amulet)
HPRegen 0.19/turn               (no ring)
MPRegen 0.12/turn               (no ring)

@: appendages (expiring)
A: horns 2, talons 2, spit acid, AC +6, unfitting armour, cold-blooded, acid
resistance
a: Breathe Acid, End Transformation


You were on level 4 of the Dungeon.
You had temporarily grown beastly horns and talons.
You visited 1 branch of the dungeon, and saw 4 of its levels.
You also visited: Sewer.

You collected 150 gold pieces.

Inventory:

Hand Weapons
 q - a +2 short sword of speed
Missiles
 b - 52 sling bullets
 h - 2 boomerangs
 l - 4 poisoned darts
 s - a curare-tipped dart
Scrolls
 a - 2 scrolls of magic mapping {unknown}
 e - 2 scrolls of identify {unknown}
 f - 2 scrolls of vulnerability {unknown}
 i - 2 scrolls of enchant armour {unknown}
 j - a scroll of summoning {unknown}
 o - 2 scrolls of noise {unknown}
 r - 3 scrolls of fog {unknown}
Potions
 c - a potion of mutation {unknown}
 d - a potion of berserk rage {unknown}
 g - a potion of haste {unknown}
 k - 2 potions of heal wounds {unknown}
 m - a potion of flight {unknown}
 n - 2 potions of attraction {unknown}
 p - a potion of curing {unknown}
 t - a potion of might {unknown}


   Skills:
 + Level 3.1 Fighting
 + Level 3.0 Dodging
 * Level 4.9 Unarmed Combat
 - Level 2.0 Spellcasting
 * Level 4.3 Transmutations
 + Level 0.4 Ice Magic
 * Level 3.2 Poison Magic


You had 2 spell levels left.
You knew the following spells:

 Your Spells              Type           Power      Damage    Failure   Level
a - Beastly Appendage     Tmut           24%        N/A       4%          1
b - Spider Form           Tmut/Pois      11%        N/A       16%         3
c - Ice Form              Ice/Tmut       7%         N/A       67%         4

Your spell library contained the following spells:

 Spells                   Type           Power      Damage    Failure   Level
 Wereblood                Tmut           12%        N/A       7%          2
 Poisonous Vapours        Pois/Air       10%        N/A       21%         2
 Corpse Rot               Necr/Air       2%         N/A       36%         2
 Sublimation of Blood     Necr           1%         N/A       36%         2
 Petrify                  Tmut/Erth      6%         N/A       71%         4
 Irradiate                Conj/Tmut      3%         3d14      96%         5


Dungeon Overview and Level Annotations

Branches:
Dungeon (4/15)              Sewer (visited)
 Temple: D:4-7

Altars:
Ru


Innate Abilities, Weirdness & Mutations

You have temporarily grown beastly horns and talons.
You can spit globs of acid.
Your golden yellow scales are hard. (AC +6)
You cannot fit into any form of body armour.
You are cold-blooded and may be slowed by cold attacks.
You are resistant to acid. (rCorr)


Message History

The orc is heavily wounded.
The orc hits you with a +0 flail!
You hit the orc.
The orc is severely wounded.
The orc closely misses you.
You grow a pair of large bovine horns.
Your feet morph into talons.
The orc hits you but does no damage.
You hit the orc.
You kill the orc!
You barely miss the orc. Your kick misses the orc.
The orc hits you but does no damage.
You hit the orc but do no damage. You claw the orc, but do no damage.
The orc barely misses you.
You punch the orc!
You kill the orc!
You hit the goblin but do no damage.
You tail-slap the goblin, but do no damage.
The goblin barely misses you.
You hit the goblin. You claw the goblin. You tail-slap the goblin.
You kill the goblin!
Items here: ))) [ †.
You see here a +0 club.
A hound skeleton comes into view.
Items here: ))) [ †.
Magic restored.
Your transformation is almost over.
Your horns disappear.
Your talons disappear.
A hound skeleton is nearby!
You grow a pair of large bovine horns.
Your feet morph into talons.
You hit the hound skeleton. You headbutt the hound skeleton.
The hound skeleton is heavily damaged.
The hound skeleton misses you.
You hit the hound skeleton. You punch the hound skeleton.
The hound skeleton is almost destroyed.
The hound skeleton barely misses you.
You punch the hound skeleton!
You destroy the hound skeleton!
Your Dodging skill increases to level 3!
Your transformation is almost over.
Are you sure you want to abandon this character and quit the game? (Confirm with "yes".)

# ## ###. #. .#. .. ..#
o. # # ..##### # .. .# #.
..#...#.. .###.# ..
#.###.# .... ##...## .
##..@###.. #.....#.##
#.....#.##
.#...#...#...#...#)).#
.#####...#.. #####...# #
.#...#...#...#...#...# .#
#)....# ###.#....$#(###.#
##...###..)###...###...##
#.###.#.....#.###.#.)...#
...#...# ...#...#...#.#


There were no monsters in sight!

Vanquished Creatures
  An ogre (D:4)
  3 kobold brigands (Sewer)
  A gnoll shaman (D:4)
  Jessica (D:3)
  A bullfrog skeleton (D:4)
  An iguana (D:4)
  A hound skeleton (D:4)
  A howler monkey skeleton (D:4)
  6 adders (Sewer)
  2 river rats (Sewer)
  6 worms
  6 orcs
  7 endoplasms
  7 giant cockroaches
  7 goblins
  5 hobgoblins
  12 kobolds
  4 quokkas
  4 ball pythons
  4 bats
  A frilled lizard (D:1)
  4 rats
85 creatures vanquished.

Notes
Turn   | Place    | Note
-------+----------+-------------------------------------------
     0 | D:1      | fragbeetle the Draconian Transmuter began the quest for the
                  | Orb.
     0 | D:1      | Reached XP level 1. HP: 16/16 MP: 3/3
   247 | D:1      | Reached XP level 2. HP: 23/23 MP: 3/5
   854 | D:2      | Found a faded altar of an unknown god.
   953 | D:2      | Reached XP level 3. HP: 22/29 MP: 4/6
   957 | D:2      | Learned a level 3 spell: Spider Form
  1658 | D:3      | Noticed Jessica
  1663 | D:3      | Killed Jessica
  1853 | D:3      | Reached XP level 4. HP: 36/36 MP: 5/7
  2149 | D:3      | Found a sacrificial altar of Ru.
  2474 | D:4      | Reached skill level 1 in Poison Magic
  2515 | D:4      | Reached XP level 5. HP: 40/42 MP: 6/8
  2598 | D:4      | Found a glowing drain.
  2624 | Sewer    | Entered a sewer
  3040 | Sewer    | Reached XP level 6. HP: 30/50 MP: 9/9
  3653 | Sewer    | Learned a level 4 spell: Ice Form
  3778 | D:4      | Your scales start taking on a golden yellow colour.
  3778 | D:4      | Reached XP level 7. HP: 57/57 MP: 7/10
  3778 | D:4      | Gained mutation: You are resistant to acid. (rCorr) [Yellow
                  | Draconian growth]
  3839 | D:4      | Quit the game

Illustrated notes

Levels and vault maps discovered:
D:1:      dpeg_arrival_fog, layout_basic
D:2:      layout_loops_ring, ebering_ecumenical_altar_box
D:3:      layout_loops_ring, nicolae_ru_sacrificial_ziggurat, uniq_jessica
D:4:      nicolae_cairo_tiling, layout_basic, portal_sewer_entry_f, st_stairs_9,
          grunt_decor_arrowhead

Skill      XL: |  1  2  3  4  5  6  7 |
---------------+----------------------+-----
Dodging        | 2 3 |  3.0
Fighting       | 2 3 |  3.1
Transmutations | 3 4 |  4.3
Poison Magic   | 1 2 3 |  3.2
Unarmed Combat | 4 |  4.9
Spellcasting   | |  2.0
Ice Magic      | |  0.4

Action                   |  1- 3 |  4- 6 |  7- 9 || total
-------------------------+-------+-------+-------++-------
Melee: Unarmed           |    77 |   147 |    19 ||   243
       Kick              |    13 |    29 |     2 ||    44
       Headbutt          |    11 |    20 |     1 ||    32
       Tailslap          |     9 |    16 |     2 ||    27
       Punch             |     2 |     6 |     1 ||     9
Throw: Dart              |       |     6 |       ||     6
 Cast: Beastly Appendage |    28 |    26 |     2 ||    56
       Spider Form       |       |     2 |       ||     2
 Stab: Sleeping          |     2 |       |       ||     2
Armor: Skin              |    13 |    28 |     2 ||    43
Dodge: Dodged            |    35 |    69 |    11 ||   115

Table legend: (Time is in decaauts)
 A = Elapsed time spent in this place.
 B = Non-inter-level travel time spent in this place.
 C = Inter-level travel time spent in this place.
 D = Time resting spent in this place.
 E = Time spent auto-exploring this place.
 F = Levels seen in this place.
 G = Mean time per level.
                   A        B        C        D        E       F      G
               +--------+--------+--------+--------+--------+-----+--------+
         Total |   3976 |   3880 |     96 |      8 |   3024 |   5 |  795.2 |
       Dungeon |   2732 |   2636 |     96 |      8 |   2118 |   4 |  683.0 |
         Sewer |   1244 |   1244 |      0 |      0 |    906 |   1 | 1244.0 |
               +--------+--------+--------+--------+--------+-----+--------+

Top non-repeatable levels by time:
   Sewer: 1244 daAuts
     D:2: 881 daAuts
     D:3: 855 daAuts
     D:1: 719 daAuts
     D:4: 276 daAuts
